cohdb
Replays
Latest Replays
All Replays
Popular Replays
Top Player Replays
Match Explorer
How It Works
Community
CoH3 Stats
Reddit
Sign in to upload your games and track your stats! →
Sign in with Steam
Match 39764466
Unlisted
Match 39764466
Overview
Messages
Build Orders
End
Royal Engineer Section
Vickers Machine Gun Team
Construct Section Command Post
Infantry Section
Dingo Light Scout Car
Construct Platoon Command Post
Selects Air and Sea Battlegroup
Selects Supply Surplus
Forward Retreat Point
CMP 15cwt Truck
Humber Armored Car
Selects Commando Section Paradrop
Selects M1 Pack Howitzer Paradrop
Infantry Training
6-pounder Anti-tank Gun Team
M1 Pack Howitzer Paradrop
Construct Company Command Post
Selects Anti-tank Rocket Loiter
Matilda II Heavy Tank
Commando Section Paradrop
Matilda II Heavy Tank
Armored Vehicle Training
Selects UNKNOWN (223837)
Unlock M3 Grant Medium Tanks
Commando Section Paradrop
M3 Grant Medium Tank
Royal Engineer Section
M3 Grant Medium Tank
M3 Grant Medium Tank
churchmf
Spriggan
BooralKing
东线救星von
AshCo Dismas
Silver
0
0
Comments
sign in to comment!
No comments posted yet!